 Dungeon Crawl Stone Soup version 0.31-a0-636-ge1c0e020e0 (webtiles) character file.

Game seed: 17695723942275852245

79 thirtiethelement the Trooper (level 4, 0/36 HPs)
             Began as a Demonspawn Fighter on Aug 27, 2023.
             Slain by a gnoll
             ... wielding a +0 spear
              (6 damage)
             ... on level 2 of the Dungeon.
             The game lasted 00:01:59 (1278 turns).

thirtiethelement the Trooper (Demonspawn Fighter)   Turns: 1278, Time: 00:01:59

Health: 0/36       AC:  6    Str: 18    XL:     4   Next: 17%
Magic:  4/4        EV: 10    Int: 10    God:
Gold:   62         SH:  4    Dex: 12    Spells: 3/3 levels left

rFire   . . .        a - +0 war axe
rCold   . . .        c - +0 buckler
rNeg    . . .        b - +0 scale mail
rPois   .            (helmet restricted)
rElec   .            (no cloak)
rCorr   .            (no gloves)
SInv    .            (no boots)
Will    .....        e - amulet of regeneration Stlth
                     g - ring of wizardry
HPRegen 1.06/turn    (no ring)
MPRegen 0.18/turn

%: wizardry (x1)
@: mighty, lethally poisoned (0 -> -1)
A: horns 1, magic regeneration, sturdy frame 1
a: no special abilities


You were on level 2 of the Dungeon.
You visited 1 branch of the dungeon, and saw 2 of its levels.

You collected 62 gold pieces.

Inventory:

Hand Weapons
 a - a +0 war axe (weapon)
Armour
 b - a +0 scale mail (worn)
 c - a +0 buckler (worn)
Jewellery
 e - an amulet of regeneration (around neck)
 g - a ring of wizardry (left hand)
Scrolls
 f - 2 scrolls of identify {unknown}
 h - a scroll of immolation {unknown}
 i - a scroll of teleportation {unknown}
 l - 2 scrolls of enchant armour {unknown}
 m - a scroll of fog {unknown}
 p - a scroll of vulnerability {unknown}
Potions
 j - a potion of ambrosia {unknown}
 k - a potion of cancellation {unknown}
 n - a potion of haste {unknown}
 o - 2 potions of curing {unknown}


   Skills:
 + Level 3.6 Fighting
 + Level 2.4 Axes
 + Level 3.3 Armour
 + Level 0.4 Dodging
 + Level 3.0 Shields


You had 3 spell levels left.
You didn't know any spells.
Your spell library was empty.

Dungeon Overview and Level Annotations

Branches:
Dungeon (2/15)

Altars:

Shops:
D:2 [


Innate Abilities, Weirdness & Mutations

You have a pair of small horns on your head.
You regenerate magic rapidly.
Your movements are slightly less encumbered by armour. (ER -2)


Message History

No target in view!
A gnoll comes into view.
It is wielding a +0 spear and quivering poisoned darts.
The gnoll shouts!
You hear a shout! x2
The gnoll throws a poisoned dart.
The poisoned dart barely misses you. 3 gnolls come into view.
A gnoll is wielding a +0 flail.
Found a stone staircase leading down.
The gnoll shouts! x2
The gnoll throws a poisoned dart.
The poisoned dart hits you!
You are poisoned.
The gnoll moves out of view.
A bat comes into view.
You feel sick. The gnoll hits you but does no damage.
You hit the gnoll but do no damage.
You feel very sick. The gnoll hits you with a +0 spear.
You closely miss the gnoll.
You feel sick. The gnoll hits you with a +0 spear.
The gnoll closely misses you.
The gnoll hits you from afar with a +0 spear.
You closely miss the gnoll.
You feel sick. The gnoll closely misses you.
The gnoll throws a poisoned dart.
The poisoned dart hits you!
You are more poisoned.
You slash the gnoll!
The gnoll is almost dead.
You feel very sick.
The gnoll barely misses you. x2; The gnoll closely misses you.
You closely miss the gnoll.
The gnoll is almost dead.
You feel sick.
The gnoll hits you from afar with a +0 spear.
The gnoll hits you with a +0 spear.
* * * LOW HITPOINT WARNING * * *
The gnoll hits you from afar with a +0 spear.
* * * LOW HITPOINT WARNING * * *
You feel very mighty all of a sudden.
You feel sick. You block the gnoll's attack. The gnoll closely misses you.
You feel sick. The gnoll hits you but does no damage.
You feel sick.
You feel sick. The gnoll attacks as it pursues you!
The gnoll hits you from afar with a +0 spear.
You die...

#.####...... #.#
#.#.### #.# #.#.#
####.# #.#.# #
#....# #.#.# # #.
#.#### ...#.. .
#.####.###...###.#
#
#....g#.g........#
#.#@##.###...###.#
#.##.# ## #.#bgg
#...... #..>....
#......## #.#...##
#.##...


You could see a gnoll.

Vanquished Creatures
  3 adders (D:2)
  A worm (D:2)
  2 ball pythons (D:1)
  5 bats (D:1)
  4 endoplasms
  2 giant cockroaches
  2 goblins
  6 hobgoblins
  4 jackals (D:1)
  9 kobolds
  2 quokkas (D:1)
  3 frilled lizards
  3 rats
46 creatures vanquished.

Notes
Turn   | Place    | Note
-------+----------+-------------------------------------------
     0 | D:1      | thirtiethelement the Demonspawn Fighter began the quest for
                  | the Orb.
     0 | D:1      | Reached XP level 1. HP: 18/18 MP: 1/1
   265 | D:1      | Gained mutation: You have a pair of small horns on your
                  | head. [demonic ancestry]
   265 | D:1      | Reached XP level 2. HP: 24/24 MP: 2/2
   691 | D:1      | Gained mutation: Your movements are slightly less
                  | encumbered by armour. (ER -2) [demonic ancestry]
   691 | D:1      | Reached XP level 3. HP: 29/29 MP: 3/3
  1116 | D:2      | Found Vaoph's Armour Boutique.
  1116 | D:2      | Noticed an animated plate armour
  1118 | D:2      | Noticed an animated crystal plate armour
  1156 | D:2      | Gained mutation: You regenerate magic rapidly. [demonic
                  | ancestry]
  1156 | D:2      | Reached XP level 4. HP: 30/36 MP: 4/4
  1278 | D:2      | Slain by a gnoll

Illustrated notes

Levels and vault maps discovered:
D:1:      dpeg_arrival_renting, layout_loops_corners, dreamdust_princess_bridge,
          feat_on_display
D:2:      minmay_razor_zed, layout_loops_ring, serial_shops,
          nicolae_shop_mannequins, hellmonk_ecumenical_altar_arch_garden,
          basic_altar, uniq_sigmund

Skill      XL: |  1  2 |
---------------+-------+-----
Axes           | 2 |  2.4
Armour         | 3 |  3.3
Shields        | 3 |  3.0
Fighting       | |  3.6
Dodging        | |  0.4

Action                     |  1- 3 |  4- 6 || total
---------------------------+-------+-------++-------
  Melee: War axe           |   120 |    26 ||   146
         Headbutt          |    18 |     1 ||    19
    Use: Potion            |       |     1 ||     1
 Armour: Scale mail        |    50 |    12 ||    62
  Dodge: Dodged            |    53 |    15 ||    68
  Block: Buckler           |    24 |     5 ||    29

Table legend: (Time is in decaauts)
 A = Elapsed time spent in this place.
 B = Non-inter-level travel time spent in this place.
 C = Inter-level travel time spent in this place.
 D = Time resting spent in this place.
 E = Time spent auto-exploring this place.
 F = Levels seen in this place.
 G = Mean time per level.
                   A        B        C        D        E       F      G
               +--------+--------+--------+--------+--------+-----+--------+
         Total |   1340 |   1315 |     25 |      0 |    979 |   2 |  670.0 |
       Dungeon |   1340 |   1315 |     25 |      0 |    979 |   2 |  670.0 |
               +--------+--------+--------+--------+--------+-----+--------+

Top non-repeatable levels by time:
     D:1: 992 daAuts
     D:2: 348 daAuts
